 Dungeon Crawl Stone Soup version 0.30-b1-2-g02819fbbbe (webtiles) character file.

Game seed: 4005750426553534573

656 dRoLe the Basher (level 7, -22/60 HPs)
             Began as a Minotaur Fighter on Sept 8, 2023.
             Annihilated by an ogre
             ... wielding a +0 giant spiked club
              (26 damage)
             ... on level 5 of the Dungeon.
             The game lasted 00:45:30 (3796 turns).

dRoLe the Basher (Minotaur Fighter)                 Turns: 3796, Time: 00:45:31

Health: -22/60     AC:  7    Str: 22      XL:     7   Next: 29%
Magic:  6/6        EV:  9    Int:  4 (5)  God:
Gold:   379        SH:  4    Dex:  8 (10) Spells: 6/6 levels left

rFire   . . .        a - +0 flail
rCold   + . .        c - +0 buckler
rNeg    . . .        b - +0 scale mail
rPois   .            (helmet restricted)
rElec   .            (no cloak)
rCorr   .            (no gloves)
SInv    .            (no boots)
Will    .....        p - amulet of the acrobat Stlth
                     l - ring of wizardry
HPRegen 0.30/turn    u - ring of protection from cold
MPRegen 0.10/turn

%: acrobat, wizardry (x1)
@: mighty
A: horns 2, retaliatory headbutt
a: no special abilities


You were on level 5 of the Dungeon.
You visited 1 branch of the dungeon, and saw 5 of its levels.

You collected 379 gold pieces.

Inventory:

Hand Weapons
 a - a +0 flail (weapon)
 B - a +0 club
Missiles
 f - a throwing net (quivered)
 g - 6 boomerangs
Armour
 b - a +0 scale mail (worn)
 c - a +0 buckler (worn)
 w - a +3 leather armour of poison resistance
 y - a +0 helmet
Jewellery
 l - a ring of wizardry (left hand)
 p - an amulet of the acrobat (around neck)
 u - a ring of protection from cold (right hand)
 z - a ring of ice
 A - an amulet of faith
Wands
 j - a wand of polymorph (5)
Scrolls
 n - a scroll of poison
 o - 2 scrolls of immolation
 q - 2 scrolls of magic mapping
 t - a scroll of teleportation {unknown}
Potions
 d - 2 potions of might
 e - 2 potions of attraction {unknown}
 h - a potion of degeneration
 k - 3 potions of lignification {unknown}
 m - 2 potions of magic {unknown}
 r - a potion of haste {unknown}
 s - a potion of heal wounds {unknown}
 v - a potion of resistance {unknown}
 x - 3 potions of curing


   Skills:
 - Level 4.9 Fighting
 + Level 8.1 Maces & Flails
 - Level 4.9 Armour
 - Level 1.3 Dodging
 - Level 0.1 Stealth
 - Level 4.2 Shields


You had 6 spell levels left.
You didn't know any spells.
Your spell library contained the following spells:

 Spells                   Type           Power      Damage    Failure   Level
 Kiss of Death            Conj/Necr      0%         2d5       52%         1
 Slow                     Hex            0%         N/A       52%         1
 Poisonous Vapours        Pois/Air       0%         N/A       67%         2
 Confusing Touch          Hex            0%         N/A       87%         3
 Gell's Gravitas          Tloc           0%         N/A       87%         3
 Mephitic Cloud           Conj/Pois/Air  0%         N/A       87%         3
 Teleport Other           Tloc           0%         N/A       87%         3
 Vampiric Draining        Necr           0%         2d6       87%         3
 Dispel Undead            Necr           0%         3d6       99%         4
 Freezing Cloud           Conj/Ice/Air   0%         6-21      100%        5
 Dispersal                Tloc           0%         N/A       100%        6


Dungeon Overview and Level Annotations

Branches:
Dungeon (5/15)             Temple (0/1) D:4

Altars:
Elyvilon
Fedhas
Hepliaklqana
Vehumet
The Shining One

Annotations:
D:5 Eustachio


Innate Abilities, Weirdness & Mutations

You have a pair of horns on your head.
You reflexively headbutt those who attack you in melee.


Message History

x - 3 potions of curing (gained 1) As you open the door, it creaks loudly!
An ogre comes into view. It is wielding a +0 giant spiked club.
You hear a shout!
Found 8 stones.
An ogre is nearby!
Eustachio the Magnificent comes into view.
He is wielding a +0 rapier.
There is an open door here.
You barely miss the ogre. The ogre closely misses you.
Hit: a) +0 flail
Press: ? - help, Dir - move target, f - ogre
Aim: an ogre, wielding a +0 giant spiked club (about 26% to evade your +0 flail)
You barely miss the ogre. Your headbutt misses the ogre.
Hit: a) +0 flail
Press: ? - help, Dir - move target, f/p - ogre
Aim: an ogre, wielding a +0 giant spiked club (about 26% to evade your +0 flail)
Okay, then.
You barely miss the ogre. You block the ogre's attack.
You hit the ogre but do no damage.
The ogre hits you with a +0 giant spiked club!!
Eustachio mumbles some strange words.
You are too injured to fight recklessly!
You are too injured to fight recklessly!
You are too injured to fight recklessly!
As you read the scroll labelled IBIEC JIGARANU, it crumbles to dust.
It is a scroll of identify.
n - a scroll of poison
As you read the scroll of identify, it crumbles to dust.
o - 2 scrolls of immolation The ogre hits you with a +0 giant spiked club!
As you read the scroll of identify, it crumbles to dust.
q - 2 scrolls of magic mapping The ogre hits you with a +0 giant spiked club!!
* * * LOW HITPOINT WARNING * * *
You feel very mighty all of a sudden.
Eustachio mumbles some strange words.
Eustachio blinks!
The ogre attacks as you move away!
The ogre hits you with a +0 giant spiked club!!
You die...

#....#.......#.........#
#....#.......#.........#
+....#.......#.........#
##...>#..##...#.........#
.....##. #...#.........#
.....#. #...#.....#####
.....# #...+.....# .....+
#.....# .....#
#.@@..##### ##....
##O##.....# #....
@....(rbr#.....# #....
.........#.....#
....##...#.....# ##.
#...#.....# # ....+.....#
....#.....# ######.....#


You could see Eustachio, an ogre, a quokka (summoned), a bat (summoned) and a
rat (summoned).

Vanquished Creatures
  Sigmund (D:3)
  A scorpion (D:4)
  An orc priest (D:3)
  4 hounds
  Ijyb (D:4)
  Natasha (twice) (D:4)
  An orc wizard (D:3)
  Robin (D:4)
  6 adders
  A river rat (D:3)
  A worm (D:4)
  2 dart slugs (D:1)
  10 orcs
  10 endoplasms
  2 giant cockroaches
  5 hobgoblins
  10 jackals
  4 kobolds
  5 quokkas
  10 ball pythons
  4 bats
  4 frilled lizards
  16 goblins
  6 rats
108 creatures vanquished.

Notes
Turn   | Place    | Note
-------+----------+-------------------------------------------
     0 | D:1      | dRoLe the Minotaur Fighter began the quest for the Orb.
     0 | D:1      | Reached XP level 1. HP: 19/19 MP: 0/0
   164 | D:1      | Reached XP level 2. HP: 27/27 MP: 1/1
   401 | D:1      | Reached XP level 3. HP: 30/33 MP: 2/2
   471 | D:1      | Reached skill level 3 in Maces & Flails
  1276 | D:2      | Found a hazy altar of Hepliaklqana.
  1416 | D:2      | Reached XP level 4. HP: 41/41 MP: 3/3
  1727 | D:3      | Found a radiant altar of Vehumet.
  1728 | D:3      | Noticed Sigmund
  1731 | D:3      | Killed Sigmund
  1732 | D:3      | Reached skill level 4 in Maces & Flails
  1732 | D:3      | Reached skill level 1 in Dodging
  1732 | D:3      | Reached XP level 5. HP: 36/47 MP: 4/4
  2002 | D:3      | Found a blossoming altar of Fedhas.
  2068 | D:3      | Reached skill level 5 in Maces & Flails
  2097 | D:3      | Found a glowing drain.
  2181 | D:3      | Found a faded altar of an unknown god.
  2347 | D:3      | Reached XP level 6. HP: 34/55 MP: 5/5
  2795 | D:4      | Reached skill level 6 in Maces & Flails
  2800 | D:4      | Noticed Ijyb
  2814 | D:4      | Killed Ijyb
  2824 | D:4      | Noticed Robin
  2832 | D:4      | Killed Robin
  3022 | D:4      | Reached skill level 7 in Maces & Flails
  3076 | D:4      | Found a staircase to the Ecumenical Temple.
  3166 | D:4      | Reached XP level 7. HP: 55/60 MP: 6/6
  3336 | D:4      | Found a white marble altar of Elyvilon.
  3395 | D:4      | Found a glowing golden altar of the Shining One.
  3447 | D:4      | Noticed Natasha
  3449 | D:4      | Killed Natasha
  3492 | D:4      | Noticed Natasha
  3502 | D:4      | Killed Natasha
  3727 | D:5      | Entered Level 5 of the Dungeon
  3753 | D:5      | Reached skill level 8 in Maces & Flails
  3784 | D:5      | Noticed Eustachio
  3796 | D:5      | Annihilated by an ogre

Illustrated notes

Levels and vault maps discovered:
D:1:      erik_arrival_orb_chamber, layout_loops_ring,
          ebering_dispersal_statue_hall, chequers_serial_rivers_large_a,
          minmay_misc_feat_secret_circle, serial_bayou_ford_a, st_stairs_3,
          serial_park_tiny_2, minmay_cut_off
D:2:      layout_basic, basic_altar, kennysheep_crisscross,
          hangedman_decor_points
D:3:      layout_loops_cross, mainiacjoe_overflow_alcove_1,
          mainiacjoe_overflow_concentric_impassable, gup_sewer_entry_bubbles,
          hellmonk_ecumenical_altar_lost_god, minmay_parallelograms,
          kennysheep_orc_chapel, uniq_sigmund
D:4:      layout_basic, mainiacjoe_overflow_alcove_2, lemuel_round_altar,
          minmay_temple_entry_offerings, uniq_natasha, uniq_ijyb, uniq_robin
D:5:      layout_gridville, gammafunk_ghost_abyssal_escape, uniq_eustachio

Skill      XL: |  1  2  3  4  5  6  7 |
---------------+----------------------+-----
Fighting       | 4 |  4.9
Armour         | 4 |  4.9
Shields        | 4 |  4.2
Maces & Flails | 3 4 5 7 8 |  8.1
Dodging        | 1 |  1.3
Stealth        | |  0.1

Action                     |  1- 3 |  4- 6 |  7- 9 || total
---------------------------+-------+-------+-------++-------
  Melee: Flail             |    88 |   133 |    53 ||   274
         Headbutt          |    11 |    21 |     2 ||    34
         Unarmed           |       |    17 |       ||    17
    Use: Scroll            |       |     2 |     3 ||     5
         Potion            |       |     1 |     1 ||     2
 Armour: Scale mail        |    38 |    27 |    19 ||    84
         Skin              |       |     1 |       ||     1
  Dodge: Dodged            |    46 |    68 |    24 ||   138
  Block: Buckler           |    17 |    24 |    13 ||    54
